 Dungeon Crawl Stone Soup version 0.29.1-4-g47bece8355 (webtiles) character file.

Game seed: 16366370300721851679

46 gregunderscorem the Insei (level 3, -2/23 HPs)
             Began as an Octopode Transmuter on Dec 1, 2022.
             Was a Believer of Kikubaaqudgha.
             Slain by a hobgoblin (4 damage)
             ... on level 2 of the Dungeon.
             The game lasted 00:02:25 (1593 turns).

gregunderscorem the Insei (Octopode Transmuter)     Turns: 1593, Time: 00:02:25

Health: -2/23      AC:  1    Str: 11    XL:     3   Next: 66%
Magic:  5/6        EV: 13    Int: 15    God:    Kikubaaqudgha [**....]
Gold:   33         SH:  0    Dex: 12    Spells: 4/6 levels left

rFire   . . .      SeeInvis .     - Unarmed
rCold   . . .      Faith    .   (no shield)
rNeg    . . .      Spirit   .   (helmet restricted)
rPois   .          Reflect  .   (no amulet)
rElec   .          Harm     .   (no ring)
rCorr   .          Rampage  .   (no ring)
Will    .....                   (no ring)
Stlth   ++........              (no ring)
HPRegen 0.07/turn               (no ring)
MPRegen 0.10/turn               (no ring)
                                (no ring)
                                (no ring)

@: no status effects
A: almost no armour, amphibious, 8 rings, camouflage 1, gelatinous body 1,
(nimble swimmer 1), tentacles
a: Renounce Religion, Unearth Wretches


You were on level 2 of the Dungeon.
You worshipped Kikubaaqudgha.
Kikubaaqudgha was pleased with you.
You visited 1 branch of the dungeon, and saw 2 of its levels.

You collected 33 gold pieces.

Inventory:

Magical Staves
 b - a staff of earth
Scrolls
 h - a scroll of fog {unknown}
 i - a scroll of enchant weapon {unknown}
 j - a scroll of noise {unknown}
 k - a scroll of teleportation {unknown}
Potions
 a - a potion of lignification
 c - a potion of degeneration {unknown}
 d - 3 potions of might {unknown}
 e - a potion of magic {unknown}
 f - a potion of resistance {unknown}
 g - a potion of curing {unknown}


   Skills:
 - Level 1.0 Fighting
 - Level 2.0 Dodging
 + Level 3.6 Unarmed Combat
 - Level 2.0 Spellcasting
 + Level 1.0 Necromancy
 + Level 2.9 Transmutations


You had 4 spell levels left.
You knew the following spells:

 Your Spells              Type           Power      Damage    Failure   Level
a - Beastly Appendage     Tmut           20%        N/A       7%          1
b - Necrotise             Necr           16%        1d4       14%         1

Your spell library contained the following spells:

 Spells                   Type           Power      Damage    Failure   Level
 Wereblood                Tmut           10%        N/A       10%         2
 Apportation              Tloc           2%         N/A       22%         1
 Summon Small Mammal      Summ           4%         N/A       22%         1
 Sublimation of Blood     Necr           4%         N/A       22%         2
 Spider Form              Tmut/Pois      5%         N/A       36%         3
 Ice Form                 Ice/Tmut       5%         N/A       77%         4
 Animate Dead             Necr           4%         N/A       82%         4
 Anguish                  Hex/Necr       1%         N/A       87%         4


Dungeon Overview and Level Annotations

Branches:
Dungeon (2/15)

Altars:
Kikubaaqudgha


Innate Abilities, Weirdness & Mutations

You cannot wear most types of armour.
You are amphibious.
You can wear up to eight rings at the same time.
Your skin changes colour to match your surroundings (Stealth+).
Your rubbery body absorbs attacks. (AC +1, EV +1)
((You are camouflaged when in or above water. (Stealth+)))
You have tentacles for arms and can constrict up to eight enemies at once.


Message History

Kikubaaqudgha accepts your kill.
A kobold is nearby!
A hobgoblin comes into view.
The hobgoblin shouts!
A frilled lizard comes into view.
A frilled lizard comes into view.
Found a fizzy black potion.
The frilled lizard hisses angrily.
The hobgoblin barely misses you.
You tentacle-slap the kobold. Your grab misses the kobold.
The kobold is moderately wounded.
The kobold hits you with a +0 whip.
The frilled lizard hisses.
The hobgoblin hits you.
You tentacle-slap the kobold.
You kill the kobold!
Kikubaaqudgha accepts your kill.
Kikubaaqudgha is now protecting you from necromantic miscasts and death curses.
The frilled lizard bites you. The hobgoblin hits you.
You are too injured to fight recklessly!
Casting: Beastly Appendage (safe; 7% risk of failure)
Confirm with . or Enter, or press ? or * to list all spells.
Aiming: Necrotise (safe; 14% risk of failure)
Press: ? - help, Shift-Dir - straight line, f - hobgoblin
Aim: a hobgoblin (chance to affect: 65%)
The hobgoblin writhes in agony.
The frilled lizard bites you.
* * * LOW HITPOINT WARNING * * *
The hobgoblin closely misses you.
You tentacle-slap the frilled lizard.
You kill the frilled lizard!
Kikubaaqudgha accepts your kill. The hobgoblin barely misses you.
You barely miss the frilled lizard. Your grab misses the frilled lizard.
The hobgoblin hits you.
* * * LOW HITPOINT WARNING * * *
The frilled lizard closely misses you.
You barely miss the frilled lizard. Your grab misses the frilled lizard.
The hobgoblin hits you.
You die...
Kikubaaqudgha rasps: "You have failed me!
Welcome... death!"

#.....####### #
#...........# #
#...........################
#........!........##..##....
.....#.#.#######..##.#####.
.....#.#....## ##...)#.....
#........###..# ###....###.
####........#.########.## #.
##......@l....!. #.####.
#...#..)g...... .......
#..####........ ###.###. ##[
##.....## ..... #. .....#
..... ## #...... ....)
..#... ###.... ..###. #
<##... #...###.


You could see a hobgoblin and a frilled lizard.

Vanquished Creatures
  A worm (D:2)
  A dart slug (D:2)
  3 endoplasms
  A giant cockroach (D:2)
  4 goblins
  5 hobgoblins
  2 quokkas (D:1)
  4 ball pythons
  7 bats
  3 frilled lizards
  3 kobolds
  5 rats
39 creatures vanquished.

Notes
Turn   | Place    | Note
-------+----------+-------------------------------------------
     0 | D:1      | gregunderscorem the Octopode Transmuter began the quest for
                  | the Orb.
     0 | D:1      | Reached XP level 1. HP: 13/13 MP: 3/3
   330 | D:1      | Reached XP level 2. HP: 18/18 MP: 3/5
   379 | D:1      | Found a faded altar of an unknown god.
   524 | D:1      | Prayed at the altar of an unknown god.
   524 | D:1      | Became a worshipper of Kikubaaqudgha
   524 | D:1      | Reached * piety under Kikubaaqudgha
   524 | D:1      | Received a gift from Kikubaaqudgha
   595 | D:1      | Learned a level 1 spell: Necrotise
  1077 | D:2      | Reached XP level 3. HP: 20/23 MP: 6/6
  1581 | D:2      | Reached skill level 1 in Necromancy
  1589 | D:2      | Reached ** piety under Kikubaaqudgha
  1593 | D:2      | Slain by a hobgoblin

Illustrated notes

Levels and vault maps discovered:
D:1:      doesnt_arrival_eight_statues, layout_rooms,
          shapermc_ecumenical_altar_hornbeckon
D:2:      layout_rooms, grunt_ministairs_4, skrybe_limestone_x,
          lemuel_flame_loot_1

Skill      XL: |  1  2  3 |
---------------+----------+-----
Necromancy     | 1 |  1.0
Fighting       | |  1.0
Dodging        | |  2.0
Unarmed Combat | |  3.6
Spellcasting   | |  2.0
Transmutations | |  2.9

Action                   || total
-------------------------++-------
Melee: Unarmed           ||    85
       Constrict         ||    21
       Tentacles         ||    11
       Kick              ||     1
       Punch             ||     4
 Cast: Beastly Appendage ||     1
       Necrotise         ||     1
 Stab: Sleeping          ||     6
Armor: Skin              ||    10
Dodge: Dodged            ||    51
